 Dungeon Crawl Stone Soup version 0.27-a0-1497-gf8f22f7954 (webtiles) character file.

Game seed: 8948316993207172037

240483 Lavandula the Eclecticist (level 18, -15/134 HPs)
             Began as a Vampire Enchanter on July 7, 2021.
             Was the Champion of Dithmenos.
             Demolished by a deep elf blademaster (29 damage)
             ... on level 1 of the Elven Halls.
             The game lasted 02:14:21 (33943 turns).

Lavandula the Eclecticist (Vampire Enchanter)      Turns: 33943, Time: 02:14:22

Health: -15/134    AC: 14    Str: 11    XL:     18   Next: 62%
Magic:  30/38      EV: 21    Int: 24    God:    Dithmenos [******]
Gold:   654        SH:  7    Dex: 14    Spells: 3/49 levels left

rFire    + . .     SeeInvis +   k - +9 dagger (vamp)
rCold    + + .     Faith    .   E - +2 buckler of Noimaiv {rElec rC+ Str+4}
rNeg     . . .     Spirit   .   T - +3 troll leather armour
rPois    .         Reflect  .   e - +0 helmet
rElec    +         Harm     .   d - scarf {rC+ rF+}
rCorr    .         Rampage  .   w - +1 pair of gloves {Stlth+}
Will     ++...                  g - +2 pair of boots Stlth *+++++++++
                                C - amulet "Jifo Bie" {Acrobat Will+}
HPRegen  1.52/turn              Q - ring of wizardry
MPRegen  0.26/turn              c - +4 ring of evasion

@: very slightly contaminated, healing quickly, wreathed by umbra, invisible
A: alive, fangs 3, see invisible, vampiric 2, talons 1, dopey 1, shaggy fur 1
}: 2/15 runes: serpentine, barnacled
a: Exsanguinate, Renounce Religion, Shadow Step, Shadow Form


You were on level 1 of the Elven Halls.
You worshipped Dithmenos.
Dithmenos was exalted by your worship.
You visited 7 branches of the dungeon, and saw 32 of its levels.
You also visited: Ice Cave and Desolation.

You collected 3154 gold pieces.
You spent 2500 gold pieces at shops.

Inventory:

Hand Weapons
 k - a +9 vampiric dagger (weapon)
 N - the +10 short sword of Tenacity {speed, rC+ Str+3}
   (You found it in the Desolation of Salt)

   Attacks with this weapon are significantly faster.
   Str:       It affects your strength (+3).
   rC:        It protects you from cold.
 W - a +1 vampiric demon blade
Missiles
 x - 7 throwing nets
Armour
 d - a scarf of resistance (worn)
 e - a +0 helmet (worn)
 g - a +2 pair of boots (worn)
 w - a +1 pair of gloves of stealth (worn)
 E - the +2 buckler of Noimaiv (worn) {rElec rC+ Str+4}
   (You acquired it on level 2 of the Orcish Mines)

   Str:       It affects your strength (+4).
   rC:        It protects you from cold.
   rElec:     It insulates you from electricity.
 T - a +3 troll leather armour (worn)
Jewellery
 c - a +4 ring of evasion (right hand)
 f - a +6 ring of dexterity
 o - the ring of the Ageless People {rPois rC+ Will+ Str+3}
   (You found it in the Desolation of Salt)

   [ring of willpower]

   Str:       It affects your strength (+3).
   rC:        It protects you from cold.
   rPois:     It protects you from poison.
   Will:      It increases your willpower.
 C - the amulet "Jifo Bie" (around neck) {Acrobat Will+}
   (You found it on level 8 of the Dungeon)

   [amulet of the acrobat]

   It increases your evasion while moving and waiting.
   Will:      It increases your willpower.
 M - the ring of Zylucer {rElec rF+}
   (You found it in the Desolation of Salt)

   [ring of protection from fire]

   rF:        It protects you from fire.
   rElec:     It insulates you from electricity.
 Q - a ring of wizardry (left hand)
Wands
 p - a wand of iceblast (68)
 q - a wand of flame (87)
 s - a wand of acid (31)
 v - a wand of polymorph (14)
 y - a wand of paralysis (5)
 S - a wand of charming (9)
 U - a wand of digging (3)
Scrolls
 a - a scroll of torment
 h - 13 scrolls of teleportation
 i - 9 scrolls of immolation
 j - 4 scrolls of fog
 l - 3 scrolls of fear
 m - a scroll of silence
 n - 3 scrolls of vulnerability
 r - 2 scrolls of amnesia
 D - 7 scrolls of identify
 K - a scroll of holy word
 V - 2 scrolls of magic mapping
 Y - 5 scrolls of enchant weapon
Potions
 b - 2 potions of cancellation
 t - a potion of resistance
 u - 4 potions of might
 z - 8 potions of lignification
 A - 2 potions of magic
 B - a potion of ambrosia
 F - a potion of attraction
 G - 16 potions of curing
 H - 2 potions of haste
 P - 2 potions of berserk rage
 R - 5 potions of heal wounds
 X - 7 potions of brilliance
 Z - 4 potions of mutation
Miscellaneous
 I - a condenser vane
 L - a lightning rod (4/4)
 O - a tin of tremorstones (2/2)


   Skills:
 - Level 9.9 Fighting
 - Level 10.0 Short Blades
 - Level 12.5 Dodging
 - Level 13.5 Stealth
 - Level 4.0 Shields
 - Level 16.2 Spellcasting
 - Level 16.1 Hexes
 - Level 10.4 Summonings
 + Level 6.0 Translocations
 - Level 9.0 Invocations
 - Level 9.7 Evocations


You had 3 spell levels left.
You knew the following spells:

 Your Spells              Type           Power      Damage    Failure   Level
a - Malign Gateway        Summ/Tloc      28%        N/A       38%         7
b - Ensorcelled Hibernat  Hex/Ice        100%       N/A       1%          2
c - Tukima's Dance        Hex            77%        N/A       0%          3
d - Dazzling Flash        Conj/Hex       100%       N/A       1%          3
e - Confusing Touch       Hex            77%        N/A       0%          3
f - Cause Fear            Hex            38%        N/A       1%          4
g - Invisibility          Hex            38%        N/A       1%          6
h - Discord               Hex            38%        N/A       13%         8
i - Shadow Creatures      Summ           N/A        N/A       3%          6
j - Passage of Golubria   Tloc           N/A        N/A       1%          4

Your spell library contained the following spells:

 Spells                   Type           Power      Damage    Failure   Level
 Corona                   Hex            85%        N/A       0%          1
 Animate Skeleton         Necr           38%        N/A       1%          1
 Magic Dart               Conj           76%        1d6       1%          1
 Summon Small Mammal      Summ           100%       N/A       1%          1
 Call Canine Familiar     Summ           62%        N/A       1%          3
 Gell's Gravitas          Tloc           24%        N/A       1%          3
 Inner Flame              Hex/Fire       55%        N/A       1%          3
 Lesser Beckoning         Tloc           24%        N/A       1%          3
 Summon Guardian Golem    Hex/Summ       70%        N/A       1%          3
 Teleport Other           Tloc           48%        N/A       1%          3
 Corpse Rot               Necr/Air       N/A        N/A       2%          2
 Passwall                 Tmut/Erth      15%        N/A       2%          2
 Searing Ray              Conj           38%        3d4       2%          2
 Conjure Flame            Conj/Fire      19%        6-21      4%          3
 Ignite Poison            Fire/Tmut/Pois 19%        N/A       4%          3
 Mephitic Cloud           Conj/Pois/Air  19%        N/A       4%          3
 Spider Form              Tmut/Pois      9%         N/A       4%          3
 Swiftness                Air            19%        N/A       4%          3
 Fulminant Prism          Conj/Hex       27%        3d14      1%          4
 Summon Lightning Spire   Summ/Air       44%        N/A       1%          4
 Silence                  Hex/Air        27%        N/A       1%          5
 Summon Forest            Summ/Tloc      28%        N/A       1%          5
 Summon Mana Viper        Hex/Summ       70%        N/A       1%          5
 Yara's Violent Unravell  Hex/Tmut       27%        3d12      1%          5
 Iskenderun's Mystic Bla  Conj/Tloc      34%        2d8       4%          4
 Animate Dead             Necr           9%         N/A       16%         4
 Olgreb's Toxic Radiance  Pois           19%        N/A       16%         4
 Sticky Flame             Conj/Fire      19%        2d4       16%         4
 Borgnjor's Vile Clutch   Necr/Erth      9%         N/A       38%         5
 Fireball                 Conj/Fire      9%         3d6       38%         5
 Death Channel            Necr           9%         N/A       89%         6
 Starburst                Conj/Fire      9%         8x6d5     89%         6
 Ozocubu's Refrigeration  Ice            9%         4d6       100%        7
 Storm Form               Tmut/Air       9%         N/A       100%        7
 Disjunction              Tloc           24%        N/A       100%        8
 Ignition                 Fire           9%         3d5       100%        8
 Lehudib's Crystal Spear  Conj/Erth      9%         10d4      100%        8
 Maxwell's Capacitive Co  Air            9%         ∞         100%        8
 Chain Lightning          Conj/Air       9%         3d12      100%        9
 Fire Storm               Conj/Fire      9%         8d3       100%        9
 Borgnjor's Revivificati  Necr           Unusable   N/A       N/A         8

Dungeon Overview and Level Annotations

Branches:
Dungeon (14/15)            Temple (1/1) D:4            Lair (6/6) D:11
 Shoals (4/4) Lair:4        Snake (4/4) Lair:4        Slime (0/5) Lair:5
    Orc (2/2) D:11            Elf (1/3) Orc:2         IceCv (visited)
Desolation (visited)
 Vaults: D:13-14

Altars:
Ashenzari
Cheibriados
Dithmenos
Fedhas
Gozag
Hepliaklqana
Kikubaaqudgha
Makhleb
Nemelex Xobeh
Okawaru
Qazlal
Ru
Sif Muna
Trog
Uskayaw
Vehumet
Wu Jian
Xom
Yredelemnul
Zin
The Shining One
Jiyva

Shops:
D:9 [   Orc:1 *   Orc:2 =!*!   Elf:1 (   Shoals:1 *   Snake:4 :!

Annotations:
D:4 Turbonekonecno's ghost, amateur SpEn
D:6 2 runed translucent doors
D:10 exclusion: orange crystal statue
Lair:3 exclusion: 3 oklob plants
Lair:5 1 runed translucent door
Shoals:3 Polyphemus
Elf:1 Naunuok's ghost, journeyman DEIE


Innate Abilities, Weirdness & Mutations

Your natural rate of healing is accelerated.
You have razor-sharp teeth.
You have supernaturally acute eyesight. (SInv)
You are afflicted with vampirism and can become a bat while bloodless.
You have sharp toenails.
You are dopey. (Int -2)
You are covered in fur. (AC +1)


Message History

The deep elf blademaster burns you.
You hear a shout!
The deep elf blademaster hits you with a +0 rapier of flaming!
The deep elf blademaster burns you. The deep elf blademaster misses you.
Unknown command.
You flicker back into view.
The deep elf blademaster rages.
The deep elf blademaster misses you.
The deep elf blademaster closely misses you.
Unknown command.
You hear a shout!
The deep elf blademaster closely misses you.
The deep elf blademaster hits you with a +1 quick blade of flaming!
* * * LOW HITPOINT WARNING * * *
The deep elf blademaster burns you.
* * * LOW HITPOINT WARNING * * *
Unknown command.
Your surroundings suddenly seem different.
Unknown command.
Okay, then.
Okay, then.
Okay, then.
You fail to use your ability.
You hear a shout!
You fail to use your ability.
You hear a shout!
The deep elf blademaster hits you with a +0 rapier of flaming!
* * * LOW HITPOINT WARNING * * *
The deep elf blademaster burns you.
* * * LOW HITPOINT WARNING * * *
The deep elf blademaster hits you with a +1 quick blade of flaming!
* * * LOW HITPOINT WARNING * * *
You hear a shout!
You block the deep elf blademaster's attack.
The deep elf blademaster hits you but does no damage.
Okay, then.
Unknown command.
You fade into invisibility!
The deep elf blademaster hits you with a +0 rapier of flaming!!
You die...

#.##..###.©†###..#
#.###...#####...#*
###)#####...©...#.#
##.....###.#...###.#
##....)..#'###.####.#
#.........#* #....#'#
#.........######..))####
#......e..'....'.....)..
#......@^.######)....###
#.........# #..'#'# *
##.......'#* ####..##*
##.....##.#* ##..##
###'###*#.#* #####...#
#.# *#.# #...#.#.. #.##
*## #.#.#)... #..##
####...##'##
*#...#####)...#....##


You could see a deep elf blademaster (berserk).

Vanquished Creatures
  Donald (Shoals:1)
  2 nagarajas (Snake:2)
  2 imperial myrmidons (Desolation)
  A reaper (IceCv)
  A halazid warlock (Desolation)
  3 merfolk javelineers
  A fire dragon (Lair:6)
  3 merfolk impalers
  2 salamander tyrants (Snake:4)
  Josephine (Shoals:1)
  3 servants of whispers (Desolation)
  6 hydras
  A boulder beetle (D:10)
  A peacekeeper (Desolation)
  3 ragged hierophants (Desolation)
  5 naga warriors
  2 centaur warriors
  2 merfolk avatars
  12 anacondas
  An alligator snapping turtle (Shoals:4)
  6 two-headed ogres
  3 catoblepae
  2 satyrs
  9 dancing weapons (Elf:1)
  A merfolk aquamancer (Shoals:2)
  7 death yaks (Lair:6)
  8 shock serpents
  2 naga sharpshooters
  3 deep elf knights (Elf:1)
  4 orc high priests (Orc:2)
  7 salamander mystics
  6 skeletal warriors
  5 sea snakes
  4 naga ritualists
  4 lindwurms
  8 deep elf archers (Elf:1)
  4 harpies (Shoals:4)
  18 deep elf zephyrmancers (Elf:1)
  4 cyclopes
  17 deep elf pyromancers (Elf:1)
  4 orc knights (Orc:2)
  8 fauns
  4 mana vipers
  2 ugly things
  13 salamanders
  2 wolf spiders (Lair:6)
  11 manticores
  A warg (Orc:2)
  A moth of wrath (Elf:1)
  4 guardian serpents
  32 black mambas
  5 merfolk sirens
  9 naga magi
  2 elephants (Lair:6)
  2 gargoyles (D:13)
  5 torpor snails (Lair:6)
  12 cane toads
  A water nymph (Shoals:1)
  A kobold demonologist (D:9)
  4 nameless horrors
  Psyche (D:12)
  2 freezing wraiths
  11 komodo dragons
  An entropy weaver simulacrum (IceCv)
  4 ice devils (IceCv)
  4 trolls
  A polar bear (Lair:1)
  7 hornets
  24 saltlings (Desolation)
  31 merfolk
  23 blink frogs
  7 slime creatures
  4 tyrant leeches (Lair:6)
  6 snapping turtles
  5 dream sheep
  A centaur simulacrum (D:10)
  11 water elementals
  A vampire (D:12)
  6 wraiths
  10 wyverns
  A steam dragon (D:7)
  7 basilisks
  47 yaks
  Edmund (D:6)
  2 vampire mosquitoes (D:12)
  14 nagas
  2 harpy simulacra (IceCv)
  An acid dragon (shapeshifter) (D:13)
  22 water moccasins
  A hornet zombie (D:8)
  21 orc warriors
  2 sky beasts
  6 black bears
  7 ogres
  5 wolves (Lair:1)
  14 centaurs
  A phantom (D:5)
  The ghost of BlueGoblin the Digger, an amateur OpEE (D:3)
  8 kobold brigands
  Blork the orc (D:6)
  16 bullfrogs
  A gnoll sergeant (D:11)
  An earth elemental (Elf:1)
  4 cane toad simulacra (IceCv)
  A two-headed ogre simulacrum (IceCv)
  4 scorpions
  4 killer bees (D:8)
  A water moccasin skeleton (D:5)
  6 electric eels (D:11)
  8 howler monkeys
  A bullfrog zombie (D:4)
  5 centaur zombies
  3 hounds
  23 orc priests
  A centaur skeleton (D:5)
  A jelly (D:6)
  2 gnoll shamans (D:11)
  A bullfrog skeleton (D:5)
  13 orc wizards
  Ijyb (D:3)
  2 iguanas
  A scorpion zombie (D:5)
  A polar bear simulacrum (IceCv)
  A killer bee zombie (D:8)
  A wolf simulacrum (IceCv)
  4 spriggan simulacra (IceCv)
  2 hound skeletons
  5 gnolls
  A howler monkey zombie (D:10)
  2 naga simulacra (IceCv)
  6 adders
  2 shadow imps (D:9)
  2 white imps
  2 ufetubi
  A worm (D:3)
  3 dart slugs
  64 orcs
  6 endoplasms
  2 giant cockroaches
  10 goblins
  8 hobgoblins
  4 jackals (D:4)
  4 quokkas
  7 ball pythons
  6 bats
  2 frilled lizards
  32 kobolds
  11 kobold skeletons (D:9)
  7 kobold zombies (D:9)
  9 rats
  A bush (D:11)
928 creatures vanquished.

Vanquished Creatures (collateral kills)
  Vashnia (Snake:2)
  Nikola (Shoals:1)
  Asterion (Snake:1)
  A nagaraja (Snake:4)
  Aizul (Shoals:1)
  A deep elf annihilator (Elf:1)
  A crystal guardian (Desolation)
  A merfolk javelineer (Shoals:4)
  A deep elf death mage (Elf:1)
  A harpy (Shoals:4)
  2 merfolk impalers
  4 ragged hierophants (Desolation)
  3 servants of whispers (Desolation)
  2 salamander tyrants (Snake:4)
  11 naga warriors
  5 anacondas
  3 peacekeepers (Desolation)
  A merfolk avatar (Shoals:1)
  4 merfolk aquamancers
  A two-headed ogre (D:9)
  A dancing weapon (Snake:1)
  A shock serpent (Snake:4)
  2 orc high priests (Orc:2)
  13 naga sharpshooters
  3 salamander mystics (Snake:4)
  A lindwurm (Snake:4)
  5 naga ritualists
  2 orc knights (Orc:2)
  A deep elf pyromancer (Elf:1)
  A deep elf zephyrmancer (Elf:1)
  8 mana vipers
  2 cyclopes (Shoals:4)
  3 manticores
  8 black mambas
  7 salamanders
  8 naga magi
  9 guardian serpents
  2 merfolk sirens (Shoals:1)
  3 water nymphs (Shoals:4)
  A troll (Orc:2)
  19 saltlings (Desolation)
  2 nameless horrors
  8 merfolk
  A snapping turtle (Shoals:1)
  3 dream sheep (Shoals:4)
  2 water elementals (Shoals:2)
  3 wargs (Orc:2)
  28 nagas
  9 orc warriors
  5 orc priests (Orc:2)
  12 white imps (Orc:2)
  11 orcs
230 creatures vanquished.

Vanquished Creatures (others)
  2 ragged hierophants (Desolation)
  2 salamander tyrants (Snake:4)
  A merfolk aquamancer (Shoals:4)
  2 naga sharpshooters (Snake:2)
  A deep elf knight (Elf:1)
  A sea snake (Shoals:1)
  An orc knight (Orc:2)
  3 harpies (Shoals:4)
  A deep elf zephyrmancer (Elf:1)
  4 deep elf pyromancers (Elf:1)
  A cyclops (Shoals:4)
  A salamander (Snake:4)
  A moth of wrath (Elf:1)
  2 naga magi (Snake:4)
  2 black mambas (Snake:3)
  A water elemental (Shoals:1)
  5 dancing weapons
  3 nagas
  An orc warrior (D:11)
  A centaur (Shoals:1)
  3 white imps (IceCv)
  An ufetubus (D:7)
  A kobold (D:9)
  13 fungi
  80 plants
  8 tentacles (Shoals:1)
  3 toadstools (D:1)
145 creatures vanquished.

Grand Total: 1303 creatures vanquished

Notes
Turn   | Place    | Note
-------+----------+-------------------------------------------
     0 | D:1      | Lavandula the Vampire Enchanter began the quest for the
                  | Orb.
     0 | D:1      | Reached XP level 1. HP: 13/13 MP: 3/3
   284 | D:1      | Found a faded altar of an unknown god.
   312 | D:1      | Reached XP level 2. HP: 18/19 MP: 3/5
   466 | D:1      | Learned a level 2 spell: Ensorcelled Hibernation
   945 | D:1      | Gained mutation: You are afflicted with vampirism and can
                  | become a bat while bloodless. [Vampire growth]
   945 | D:1      | Reached XP level 3. HP: 24/24 MP: 6/6
  1007 | D:2      | Found an ornate altar of the Wu Jian Council.
  1755 | D:3      | Reached XP level 4. HP: 30/30 MP: 2/7
  1765 | D:3      | Learned a level 3 spell: Tukima's Dance
  1877 | D:3      | Found a runed translucent gate.
  1877 | D:3      | Found a runed translucent gate.
  1878 | D:3      | Found a runed translucent gate.
  1885 | D:3      | Noticed BlueGoblin's ghost (amateur OpEE)
  2259 | D:3      | Reached skill level 5 in Short Blades
  2411 | D:3      | Reached XP level 5. HP: 26/35 MP: 0/8
  2548 | D:3      | Noticed Ijyb
  2556 | D:3      | Killed Ijyb
  2718 | D:4      | Learned a level 3 spell: Dazzling Flash
  2769 | D:4      | Found a staircase to the Ecumenical Temple.
  2814 | Temple   | Entered the Ecumenical Temple
  2911 | Temple   | Became a worshipper of Dithmenos the Shadowed
  3148 | D:4      | Found a transporter.
  3148 | D:4      | Noticed Turbonekonecno's ghost (amateur SpEn)
  3152 | D:4      | Noticed a necrophage
  3373 | D:4      | Reached XP level 6. HP: 40/41 MP: 6/12
  3377 | D:4      | Learned a level 3 spell: Confusing Touch
  3442 | D:4      | Found a transporter.
  3638 | D:5      | Entered Level 5 of the Dungeon
  3686 | D:4      | Reached skill level 5 in Stealth
  3943 | D:5      | Reached XP level 7. HP: 46/46 MP: 8/13
  4186 | D:5      | Noticed a wyvern
  4193 | D:5      | Killed a wyvern
  4446 | D:5      | Reached XP level 8. HP: 48/52 MP: 9/14
  4516 | D:5      | Reached * piety under Dithmenos
  4809 | D:6      | Noticed a two-headed ogre
  4914 | D:6      | Found a large runed translucent door.
  4914 | D:6      | Found a large runed translucent door.
  4919 | D:6      | Noticed Blork the orc
  4924 | D:6      | Killed Blork the orc
  4931 | D:6      | Noticed Edmund
  4933 | D:6      | Killed Edmund
  4941 | D:6      | Found a stormy altar of Qazlal.
  5284 | D:6      | Killed a two-headed ogre
  5285 | D:6      | Reached skill level 10 in Short Blades
  5285 | D:6      | Reached skill level 5 in Dodging
  5285 | D:6      | Reached XP level 9. HP: 57/57 MP: 10/15
  5290 | D:6      | Learned a level 4 spell: Cause Fear
  5373 | D:3      | Killed BlueGoblin's ghost
  5374 | D:3      | Reached skill level 1 in Fighting
  5498 | D:6      | Found a hazy altar of Hepliaklqana.
  5870 | D:6      | Found a snail-covered altar of Cheibriados.
  6223 | D:7      | Reached skill level 1 in Invocations
  6612 | D:7      | Reached skill level 5 in Fighting
  7254 | D:8      | Identified the amulet "Jifo Bie" {Acrobat Will+}
  7612 | D:8      | Reached XP level 10. HP: 77/77 MP: 7/16
  7673 | D:8      | Reached ** piety under Dithmenos
  8608 | D:9      | Reached *** piety under Dithmenos
  8853 | D:9      | Found Ydenekk's Armour Emporium.
  8919 | D:9      | Noticed a two-headed ogre
  9038 | D:9      | Noticed a sun demon
  9044 | D:9      | Killed a two-headed ogre
  9202 | D:9      | Found an ancient bone altar of Kikubaaqudgha.
  9359 | D:9      | Reached **** piety under Dithmenos
  9520 | D:10     | Entered Level 10 of the Dungeon
  9868 | D:10     | Reached skill level 5 in Spellcasting
  9995 | D:10     | Noticed a cyclops
 10002 | D:10     | Noticed a boulder beetle
 10014 | D:10     | Killed a cyclops
 10016 | D:10     | Killed a boulder beetle
 10019 | D:10     | Noticed a cyclops
 10019 | D:10     | Noticed a skeletal warrior
 10043 | D:10     | Reached XP level 11. HP: 84/84 MP: 10/21
 10294 | D:10     | Noticed a two-headed ogre
 10297 | D:10     | Killed a two-headed ogre
 10630 | D:10     | Learned a level 6 spell: Invisibility
 10708 | D:10     | Found a burning altar of Makhleb.
 10794 | D:10     | Noticed an orange crystal statue
 10979 | D:11     | Reached skill level 5 in Hexes
 11074 | D:10     | Killed a skeletal warrior
 11158 | D:11     | Reached ***** piety under Dithmenos
 11327 | D:11     | Noticed a two-headed ogre
 11331 | D:11     | Killed a two-headed ogre
 11351 | D:11     | Found a staircase to the Orcish Mines.
 11356 | D:11     | Found a hide-covered altar of Uskayaw.
 11428 | D:11     | Reached skill level 10 in Hexes
 11439 | D:11     | Noticed a two-headed ogre
 11449 | D:11     | Noticed a two-headed ogre
 11477 | D:11     | Killed a two-headed ogre
 11611 | D:11     | Killed a two-headed ogre
 11637 | D:11     | Reached XP level 12. HP: 88/91 MP: 17/25
 12594 | D:11     | Found a staircase to the Lair.
 12796 | D:12     | Reached skill level 10 in Spellcasting
 12861 | D:12     | Learned a level 8 spell: Discord
 12988 | D:12     | You fall into a shaft and drop 2 floors!
 13301 | D:12     | Noticed a two-headed ogre
 13303 | D:12     | Noticed a centaur warrior
 13305 | D:12     | Killed a two-headed ogre
 13319 | D:12     | Killed a centaur warrior
 13333 | D:12     | Reached skill level 15 in Hexes
 13444 | D:12     | Noticed Psyche
 13455 | D:12     | Killed Psyche
 13854 | D:13     | Noticed a centaur warrior
 13858 | D:13     | Killed a centaur warrior
 13859 | D:13     | Reached XP level 13. HP: 96/96 MP: 22/27
 14208 | D:13     | Reached skill level 10 in Stealth
 14565 | Lair:1   | Entered Level 1 of the Lair of Beasts
 14973 | Lair:1   | Gained mutation: You sometimes lose the ability to read
                  | scrolls when taking damage. [mutagenic glow]
 15638 | Lair:2   | You fall into a shaft and drop 2 floors!
 15687 | Lair:4   | Found a staircase to the Snake Pit.
 16359 | Lair:3   | Got the Guide on Fetching Necromancy
 16371 | Lair:3   | Learned a level 6 spell: Shadow Creatures
 16635 | Lair:4   | Reached skill level 1 in Summonings
 16770 | Lair:4   | Found a staircase to the Shoals.
 16885 | Lair:5   | Found a runed translucent door.
 16885 | Lair:5   | Found a viscous altar of Jiyva.
 16887 | Lair:5   | Found a staircase to the Slime Pits.
 17097 | Lair:5   | Reached XP level 14. HP: 103/103 MP: 30/30
 17339 | Lair:6   | Entered Level 6 of the Lair of Beasts
 17352 | Lair:6   | Reached skill level 5 in Summonings
 18067 | Lair:6   | Reached ****** piety under Dithmenos
 18412 | Lair:6   | Reached skill level 10 in Summonings
 18657 | Lair:6   | Found a runed translucent door.
 18733 | Lair:6   | Reached skill level 10 in Dodging
 19045 | Orc:1    | Entered Level 1 of the Orcish Mines
 19081 | Orc:1    | Found Nail's Gadget Gallery.
 19223 | Orc:2    | Entered Level 2 of the Orcish Mines
 19235 | Orc:2    | Found a frozen archway.
 19260 | IceCv    | Entered an ice cave
 19461 | IceCv    | Noticed a reaper
 19465 | IceCv    | Killed a reaper
 19658 | Orc:2    | Reached XP level 15. HP: 108/108 MP: 19/31
 19693 | Orc:2    | Gained mutation: You are dopey. (Int -2) [mutagenic glow]
 20007 | Orc:2    | Found a staircase to the Elven Halls.
 20797 | Orc:2    | Found Aciogoit's Distillery.
 20797 | Orc:2    | Found Runnis Jewe's Jewellery Emporium.
 20798 | Orc:2    | Found Baenitoi's Distillery.
 20798 | Orc:2    | Found Olaff's General Store.
 20806 | Orc:2    | Bought a scroll of acquirement for 884 gold pieces
 20806 | Orc:2    | Acquired the +2 buckler of Noimaiv {rElec rC+ Str+4}
 20818 | Orc:2    | Bought a potion of magic for 88 gold pieces
 20818 | Orc:2    | Bought a potion of brilliance for 44 gold pieces
 20818 | Orc:2    | Bought a potion of invisibility for 88 gold pieces
 20818 | Orc:2    | Bought a potion of mutation for 88 gold pieces
 20819 | Orc:2    | Bought a potion of heal wounds for 65 gold pieces
 20819 | Orc:2    | Bought a potion of heal wounds for 65 gold pieces
 20819 | Orc:2    | Bought a potion of mutation for 104 gold pieces
 20819 | Orc:2    | Bought a potion of mutation for 104 gold pieces
 20819 | Orc:2    | Bought a potion of curing for 39 gold pieces
 20819 | Orc:2    | Bought 2 potions of curing for 78 gold pieces
 20819 | Orc:2    | Bought a potion of curing for 39 gold pieces
 20819 | Orc:2    | Bought a potion of curing for 39 gold pieces
 21008 | Shoals:1 | Entered Level 1 of the Shoals
 21017 | Shoals:1 | Reached skill level 1 in Shields
 21036 | Shoals:1 | Noticed Donald
 21038 | Shoals:1 | Noticed a kraken
 21039 | Shoals:1 | Killed Donald
 21062 | Shoals:1 | Noticed Nikola
 21070 | Shoals:1 | Killed Nikola
 21299 | Shoals:1 | Noticed Josephine
 21309 | Shoals:1 | Killed Josephine
 21362 | Shoals:1 | Gained mutation: Armour fits poorly on your strangely
                  | shaped body. [mutagenic glow]
 21369 | Shoals:1 | Found Plog's CLEARANCE SALE! EVERYTHING MUST GO!.
 21413 | Shoals:1 | Bought a potion of heal wounds for 35 gold pieces
 21670 | Shoals:1 | Identified the +2 ring mail of Lugonu's Reproof {Rampage
                  | Fly rElec Dex-2}
 22162 | Shoals:1 | Noticed Aizul
 22164 | Shoals:1 | Noticed a kraken
 22165 | Shoals:1 | Noticed a kraken
 22188 | Shoals:1 | Killed Aizul
 22189 | Shoals:1 | Reached skill level 1 in Evocations
 22573 | Shoals:3 | Noticed Polyphemus
 22794 | Shoals:3 | Reached skill level 5 in Evocations
 22850 | Shoals:3 | Lost mutation: Armour fits poorly on your strangely shaped
                  | body. [potion of mutation]
 22850 | Shoals:3 | Lost mutation: You sometimes lose the ability to read
                  | scrolls when taking damage. [potion of mutation]
 22850 | Shoals:3 | Gained mutation: You have sharp toenails. [potion of
                  | mutation]
 22850 | Shoals:3 | Gained mutation: You are covered in fur. (AC +1) [potion of
                  | mutation]
 22861 | Shoals:4 | Entered Level 4 of the Shoals
 22927 | Shoals:4 | Reached XP level 16. HP: 121/122 MP: 13/32
 23199 | Shoals:4 | Identified the +11 battleaxe "Goblin's Death" {vorpal,
                  | Str+9 Int-5 Dex+4}
 23360 | Shoals:4 | Got a barnacled rune of Zot
 23627 | Shoals:4 | Got the Handbook of Contamination and Weightlessness
 23942 | Snake:1  | Entered Level 1 of the Snake Pit
 24143 | Snake:1  | Found an ornate altar of the Wu Jian Council.
 24192 | Snake:1  | Noticed Asterion
 24203 | Snake:1  | Killed Asterion
 25432 | Snake:2  | Reached skill level 5 in Invocations
 26087 | Snake:2  | Noticed Vashnia
 27127 | Snake:2  | Killed Vashnia
 27489 | Snake:3  | Reached XP level 17. HP: 73/127 MP: 23/33
 28049 | Snake:3  | Learned a level 4 spell: Passage of Golubria
 28330 | Snake:4  | Entered Level 4 of the Snake Pit
 29339 | Snake:4  | Found Okka Nat's Distillery.
 29348 | Snake:4  | Bought 2 potions of heal wounds for 200 gold pieces
 29348 | Snake:4  | Bought a potion of haste for 200 gold pieces
 29348 | Snake:4  | Bought a potion of curing for 60 gold pieces
 29348 | Snake:4  | Bought 2 potions of curing for 120 gold pieces
 29348 | Snake:4  | Bought a potion of cancellation for 160 gold pieces
 29501 | Snake:4  | Found Uhintont's Self-Improvement Boutique.
 31271 | Snake:4  | Got a serpentine rune of Zot
 31695 | Elf:1    | Entered Level 1 of the Elven Halls
 31742 | Elf:1    | Reached skill level 15 in Spellcasting
 31839 | Elf:1    | Found a ruined gateway.
 31846 | Desolati | Entered the Desolation of Salt
 31871 | Desolati | Identified the amulet of the Queen {Acrobat +Inv Will-
                  | Str+2 Dex+6}
 31995 | Desolati | Reached XP level 18. HP: 112/113 MP: 15/37
 32024 | Desolati | Identified the +0 ring mail of Atzil {Harm rPois Str+4
                  | SInv}
 32219 | Desolati | Identified the ring of Rahoer {Fire rElec rN+ Str+4 SInv}
 32223 | Desolati | Identified the ring of Zylucer {rElec rF+}
 32231 | Desolati | Identified the ring of the Ageless People {rPois rC+ Will+
                  | Str+3}
 32234 | Desolati | Identified the +8 chain mail of the Monkey's Uncle {Fly
                  | rN++ Will+}
 32259 | Desolati | Identified the +10 short sword of Tenacity {speed, rC+
                  | Str+3}
 32932 | Desolati | Got the Papyrus of Fire
 32981 | Desolati | Got Tiuzez's Almanac of Ignition and Displacement
 32990 | Desolati | Learned a level 7 spell: Malign Gateway
 33064 | Elf:1    | Reached skill level 1 in Translocations
 33260 | Elf:1    | Identified the +11 falchion of Turmoil {flame, rC+}
 33406 | Elf:1    | Found Keimour's Weapon Shoppe.
 33679 | Elf:1    | Reached skill level 5 in Translocations
 33862 | Elf:1    | Found a transporter.
 33880 | Elf:1    | Identified the +7 longbow "Spider's Bane" {venom, Dex+2}
 33891 | Elf:1    | Noticed Naunuok's ghost (journeyman DEIE)
 33897 | Elf:1    | Found a bloodstained altar of Trog.
 33904 | Elf:1    | Found a transporter.
 33943 | Elf:1    | Demolished by a deep elf blademaster

Illustrated notes

Levels and vault maps discovered:
D:1:      dpeg_chamrin_arrival_tetris, layout_loops_corners,
          hellmonk_ecumenical_altar_heavens_door, grunt_decor_arrowhead,
          minmay_gold_behind_fungi
D:2:      layout_loops_cross, basic_altar
D:3:      layout_loops_ring, serial_bayou, serial_bayou_pond_b,
          serial_bayou_pond_b, serial_bayou_lake_a, serial_bayou_pond_b,
          ebering_ghost_rock_garden, uniq_ijyb
D:4:      layout_cave_pools, minmay_temple_entry_wispy,
          gammafunk_ghost_mausoleum, corexii_hall_statues_u,
          minmay_misc_feat_chi
D:5:      layout_basic, st_stairs_10
D:6:      layout_loops_corners, marbit_many_paths, lemuel_tele_altar,
          jmf_multi_god_temple2, mainiacjoe_overflow_paths, uniq_blork_the_orc,
          uniq_edmund
D:7:      minmay_spotlight, layout_basic
D:8:      wad_cavern_with_rooms, layout_basic
D:9:      wander_kiku_kobolds, layout_rooms, serial_shops,
          nicolae_take_the_stairs, special_room [special_room_orc],
          kennysheep_generic_room_9
D:10:     minmay_the_grid_four_pointed_star
          [minmay_the_grid_triangle_9x9_flanged_cone,
          minmay_the_grid_triangle_9x9_wacky_v,
          minmay_the_grid_triangle_9x9_alien,
          minmay_the_grid_triangle_9x9_zippers_vertical,
          minmay_the_grid_prize_shrinking_boxes], layout_loops_ring,
          bloody_makhleb, minmay_statue_bubble
D:11:     kennysheep_town
D:12:     layout_roguey, uniq_psyche
D:13:     layout_irregular_city
D:14:     layout_loops_ring, lightli_vaults_fourway_checkpoint, serial_aquarium,
          aquarium_bridge_square [aquarium_subvault_window,
          aquarium_subvault_balcony, aquarium_subvault_bridge,
          aquarium_subvault_window], aquarium_bridge_long_joined
          [aquarium_subvault_balcony, aquarium_subvault_wall,
          aquarium_subvault_balcony, aquarium_subvault_window,
          aquarium_subvault_bridge, aquarium_subvault_bridge],
          aquarium_window_2, aquarium_window_fake, aquarium_window_corridor_1,
          aquarium_window_double, aquarium_view_2c, aquarium_view_2d,
          aquarium_pool_split, uniq_frances
Temple:   regret_index_temple_sphere_string
Lair:1:   layout_regular_city, serial_bayou_shore_b
Lair:2:   layout_misc_corridors
Lair:3:   layout_chaotic_city, minmay_lair_oklob_chamber
Lair:4:   layout_regular_city, minmay_shoals_entry_lonely_mermaid,
          minmay_snake_entry_six_corridors
Lair:5:   layout_hall_layers, slime_altar_2, infiniplex_staircase_pool_2
Lair:6:   wormcave, layout_regular_city, hangedman_lair_in_review,
          grunt_megastairs_5
Shoals:1: nicolae_shoals_lighthouse, layout_shoals, nicolae_shop_clearance,
          uniq_nikola, uniq_josephine, uniq_donald, uniq_aizul
Shoals:2: cheibrodos_shoals_baths, layout_shoals
Shoals:3: layout_shoals, uniq_polyphemus
Shoals:4: shoals_end_hangedman, layout_shoals, nicolae_shoals_water_booths
Snake:1:  layout_honeycomb, basic_altar, uniq_asterion
Snake:2:  layout_grid_maze, uniq_vashnia
Snake:3:  layout_gridlike, corexii_hall_statues_x
Snake:4:  snake_pit_salamanders_mu, layout_cave_town, serial_shops,
          nicolae_lakefront_shop, nicolae_shop_self_help
Orc:1:    cheibrodos_orc_guarddog, layout_caves, nicolae_shop_gadgets
Orc:2:    st_orc_pillars, layout_caves, portal_ice_cave_entry_imps
Elf:1:    minmay_elf_arrival_circle, layout_geoelf_grid,
          gammafunk_ghost_wrathful_warriors, portal_desolation_entry_ruin,
          serial_shops, shop, basic_altar, hangedman_elven_crosses_minicolossus,
          drop_trap, guppyfry_library_mini

Skill      XL: |  1  2  3  4  5  6  7  8  9 10 11 12 13 14 15 16 17 18 |
---------------+-------------------------------------------------------+-----
Short Blades   | 2 4 5 7 10 | 10.0
Spellcasting   | 4 6 9 10 12 15 16 | 16.2
Stealth        | 7 8 9 13 | 13.5
Dodging        | 5 9 11 12 | 12.5
Fighting       | 6 7 9 |  9.9
Invocations    | 2 8 9 |  9.0
Hexes          | 11 16 | 16.1
Summonings     | 4 10 | 10.4
Shields        | 4 |  4.0
Evocations     | 5 9 |  9.7
Translocations | 6 |  6.0

Action                   |  1- 3 |  4- 6 |  7- 9 | 10-12 | 13-15 | 16-18 || total
-------------------------+-------+-------+-------+-------+-------+-------++-------
Melee: Dagger            |   129 |   182 |   222 |   961 |  1382 |   897 ||  3773
       Bite              |     5 |    20 |    12 |   116 |   135 |   106 ||   394
       Short sword       |       |       |       |       |       |   104 ||   104
       Demon blade       |       |       |       |       |       |     8 ||     8
Throw: Throwing net      |       |       |       |       |     1 |       ||     1
 Cast: Corona            |    11 |       |       |     1 |       |       ||    12
       Ensorcelled Hiber |     8 |    27 |    53 |    90 |    57 |    74 ||   309
       Tukima's Dance    |       |     3 |     4 |    12 |     8 |    14 ||    41
       Dazzling Flash    |       |       |     3 |    15 |     1 |       ||    19
       Confusing Touch   |       |       |     3 |    17 |    11 |     2 ||    33
       Invisibility      |       |       |       |     5 |    35 |    14 ||    54
       Discord           |       |       |       |       |     8 |    24 ||    32
       Shadow Creatures  |       |       |       |       |    18 |   118 ||   136
       Cause Fear        |       |       |       |       |     2 |       ||     2
Invok: Shadow Step       |       |       |       |     6 |    10 |    12 ||    28
       Shadow Form       |       |       |       |       |       |     2 ||     2
 Abil: End Transformatio |       |       |       |       |       |     1 ||     1
Evoke: Wand              |       |       |       |     5 |     3 |     8 ||    16
       Tin of tremorston |       |       |       |       |     2 |     2 ||     4
       Phial of floods   |       |       |       |       |     1 |       ||     1
       Lightning rod     |       |       |       |       |       |     3 ||     3
  Use: Scroll            |       |       |     3 |    16 |    12 |    13 ||    44
       Potion            |       |       |     2 |       |     7 |     8 ||    17
 Stab: Sleeping          |    10 |    18 |    30 |    59 |   156 |   141 ||   414
       Distracted        |       |     1 |     3 |     1 |     5 |     7 ||    17
       Invisible         |       |       |     5 |    39 |   118 |    56 ||   218
       Confused          |       |       |     3 |    19 |    10 |     1 ||    33
       Held in net/web   |       |       |       |       |     1 |       ||     1
       Paralysed         |       |       |       |       |       |     1 ||     1
Armor: Robe              |    23 |    53 |    29 |   107 |       |       ||   212
       Skin              |       |       |    29 |       |       |       ||    29
       Troll leather arm |       |       |       |    14 |   109 |    92 ||   215
Dodge: Dodged            |    72 |   114 |   116 |   768 |   843 |   666 ||  2579
Block: Buckler           |       |       |       |       |    75 |   206 ||   281
       Rpst.: Demon blade |       |       |       |       |       |     2 ||     2

Table legend: (Time is in decaauts)
 A = Elapsed time spent in this place.
 B = Non-inter-level travel time spent in this place.
 C = Inter-level travel time spent in this place.
 D = Time resting spent in this place.
 E = Time spent auto-exploring this place.
 F = Levels seen in this place.
 G = Mean time per level.
                   A        B        C        D        E       F      G
               +--------+--------+--------+--------+--------+-----+--------+
         Total |  32408 |  30147 |   2261 |   3435 |  16400 |  34 |  953.2 |
       Dungeon |  13914 |  13193 |    721 |    967 |   8963 |  14 |  993.9 |
        Temple |    119 |     97 |     22 |      0 |     89 |   1 |  119.0 |
          Lair |   4389 |   4027 |    362 |    168 |   2549 |   6 |  731.5 |
        Shoals |   2790 |   2431 |    359 |    359 |    194 |   4 |  697.5 |
     Snake Pit |   7402 |   6726 |    676 |   1525 |   3347 |   4 | 1850.5 |
  Orcish Mines |   1411 |   1292 |    119 |     52 |    767 |   2 |  705.5 |
   Elven Halls |    985 |    985 |      0 |     59 |    447 |   1 |  985.0 |
      Ice Cave |    350 |    350 |      0 |     20 |     43 |   1 |  350.0 |
    Desolation |   1043 |   1043 |      0 |    285 |      0 |   1 | 1043.0 |
               +--------+--------+--------+--------+--------+-----+--------+

Top non-repeatable levels by time:
 Snake:4: 2930 daAuts
 Snake:1: 1711 daAuts
    D:11: 1701 daAuts
 Snake:2: 1647 daAuts
  Lair:6: 1483 daAuts
    D:10: 1321 daAuts
     D:7: 1200 daAuts
   Orc:2: 1180 daAuts
     D:9: 1162 daAuts
     D:6: 1120 daAuts
 Snake:3: 1113 daAuts
Shoals:1: 1068 daAuts
     D:5: 1066 daAuts
     D:3: 1046 daAuts
Desolation: 1043 daAuts
